 Dungeon Crawl Stone Soup version 0.28.0 (webtiles) character file.

Game seed: 2714646913710055640

444 trckry the Wallflower (level 6, -2/46 HPs)
             Began as a Demonspawn Wanderer on Feb 12, 2022.
             Was a Follower of Uskayaw.
             Succumbed to a scorpion's poison
             ... on level 4 of the Dungeon.
             The game lasted 00:08:34 (4283 turns).

trckry the Wallflower (Demonspawn Wanderer)         Turns: 4283, Time: 00:08:34

Health: -2/46      AC: 10    Str: 17    XL:     6   Next: 72%
Magic:  9/9        EV:  7    Int: 11    God:    Uskayaw [*.....]
Gold:   215        SH:  0    Dex: 18    Spells: 7/7 levels left

rFire   . . .      SeeInvis +   b - +2 dagger (venom)
rCold   . . .      Faith    .   (no shield)
rNeg    . . .      Spirit   .   n - +0 chain mail
rPois   .          Reflect  .   (no helmet)
rElec   .          Harm     .   c - +0 cloak
rCorr   .          Rampage  .   (no gloves)
Will    .....                   t - +0 pair of boots
Stlth   ..........              (no amulet)
HPRegen 0.15/turn               j - +6 ring of strength
MPRegen 0.22/turn               u - ring of see invisible

@: lethally poisoned (-2 -> -15)
A: claws 1, ignite blood 1, magic regeneration
a: Renounce Religion, Stomp


You were on level 4 of the Dungeon.
You worshipped Uskayaw.
Uskayaw was noncommittal.
You visited 1 branch of the dungeon, and saw 4 of its levels.

You collected 215 gold pieces.

Inventory:

Hand Weapons
 a - a +2 falchion
 b - a +2 dagger of venom (weapon)
Missiles
 h - 2 throwing nets (quivered)
 i - a javelin
 o - 6 poisoned darts
Armour
 c - a +0 cloak (worn)
 n - a +0 chain mail (worn)
 t - a +0 pair of boots (worn)
Jewellery
 j - a +6 ring of strength (left claw)
 q - a ring of protection from fire
 u - a ring of see invisible (right claw)
Scrolls
 d - 3 scrolls of blinking {unknown}
 e - 3 scrolls of identify {unknown}
 f - a scroll of fear {unknown}
 l - 2 scrolls of immolation
 p - 2 scrolls of magic mapping {unknown}
 r - a scroll of summoning {unknown}
 v - 2 scrolls of amnesia {unknown}
Potions
 g - 3 potions of heal wounds {unknown}
 k - 2 potions of attraction {unknown}
 m - 2 potions of degeneration {unknown}
 s - a potion of might {unknown}


   Skills:
 + Level 2.8 Fighting
 - Level 1.0(2.0) Short Blades
 - Level 2.9(3.0) Long Blades
 + Level 1.7 Armour
 + Level 1.9 Dodging
 - Level 2.6 Stealth
 * Level 3.1 Unarmed Combat
 - Level 1.0 Spellcasting
 * Level 5.0 Invocations


You had 7 spell levels left.
You didn't know any spells.
Your spell library was empty.

Dungeon Overview and Level Annotations

Branches:
Dungeon (4/15)
 Temple: D:4-7

Altars:
Qazlal
Uskayaw
Vehumet


Innate Abilities, Weirdness & Mutations

You have sharp fingernails.
Your demonic aura sometimes causes spilled blood to erupt in flames.
You regenerate magic rapidly.


Message History

You hit the scorpion.
The scorpion is lightly wounded.
You feel sick. The scorpion completely misses you.
You hit the scorpion but do no damage.
The scorpion is lightly wounded.
You feel sick.
The scorpion stings you but does no damage.
The scorpion barely misses you.
You hit the scorpion.
The scorpion is moderately wounded.
You feel sick. The scorpion stings you.
You are more poisoned.
The scorpion poisons you!
Your +2 dagger of venom begins to drip with poison!
b - a +2 dagger of venom (weapon)
You feel sick.
You completely miss the scorpion.
The scorpion is moderately wounded.
You feel sick.
The scorpion stings you but does no damage.
The scorpion stings you.
You hit the scorpion but do no damage.
The scorpion is poisoned.
The scorpion is moderately wounded.
You feel sick. The scorpion stings you.
* * * LOW HITPOINT WARNING * * *
You closely miss the scorpion.
The scorpion is severely wounded.
You feel sick. The scorpion stings you.
* * * LOW HITPOINT WARNING * * *
You are more poisoned.
The scorpion poisons you!
You hit the scorpion.
The scorpion looks as sick as possible!
The scorpion is almost dead.
* * * LOW HITPOINT WARNING * * *
You feel very sick.
You kill the scorpion!
The dart slug launches a dart at you.
The slug dart hits you but does no damage.
Your Invocations skill increases to level 5!
You die...

#..#
###.##.####.####..##.?.#
...#
......................
...#
.......................
...#
........................
...#...
....................
...#
..........[.........
...#
....................
...#
.......Kw...........
##+#
####.##@####.....###
##.# ##.##.## #.....#
..... #......# ......#
..... #......# ..w...#
..... #......#.......#
..... #......#.......#
##### ##.##############
#...# ###########.#.##


You could see a dart slug and a kobold.

Vanquished Creatures
  A black bear (D:4)
  A scorpion (D:4)
  3 jellies
  An orc priest (D:3)
  An orc wizard (D:3)
  4 gnolls
  2 adders (D:4)
  An ufetubus (D:4)
  A worm (D:2)
  An adder skeleton (D:4)
  A dart slug (D:3)
  2 orcs
  12 endoplasms
  4 giant cockroaches
  4 goblins
  3 hobgoblins
  8 jackals
  14 kobolds
  2 quokkas
  7 ball pythons
  6 bats
  A frilled lizard (D:1)
  6 rats
86 creatures vanquished.

Vanquished Creatures (others)
  4 fungi (D:2)
  8 toadstools (D:2)
12 creatures vanquished.

Grand Total: 98 creatures vanquished

Notes
Turn   | Place    | Note
-------+----------+-------------------------------------------
     0 | D:1      | trckry the Demonspawn Wanderer began the quest for the Orb.
     0 | D:1      | trckry set off with the following items: a +2 falchion, a
                  | +0 short sword, a +0 cloak, a +0 robe
     0 | D:1      | Reached XP level 1. HP: 15/15 MP: 2/2
    88 | D:1      | Gained mutation: You have sharp fingernails. [demonic
                  | ancestry]
    88 | D:1      | Reached XP level 2. HP: 17/21 MP: 3/3
   527 | D:1      | Reached skill level 2 in Invocations
   886 | D:2      | Found a faded altar of an unknown god.
   938 | D:2      | Prayed at the altar of an unknown god.
   938 | D:2      | Became a worshipper of Uskayaw the Reveller
   938 | D:2      | Reached * piety under Uskayaw
  1093 | D:2      | Reached ** piety under Uskayaw
  1099 | D:2      | Reached *** piety under Uskayaw
  1273 | D:2      | HP: 3/22 [gnoll (7)]
  1682 | D:2      | Reached XP level 3. HP: 27/27 MP: 4/4
  1710 | D:2      | Reached skill level 1 in Unarmed Combat
  1807 | D:2      | Reached skill level 3 in Invocations
  1807 | D:2      | Reached XP level 4. HP: 10/33 MP: 2/6
  1831 | D:2      | HP: 4/33 [frozen (3)]
  2434 | D:2      | Reached skill level 1 in Dodging
  2437 | D:2      | Reached skill level 1 in Armour
  2437 | D:2      | Gained mutation: Your demonic aura sometimes causes spilled
                  | blood to erupt in flames. [demonic ancestry]
  2437 | D:2      | Reached XP level 5. HP: 25/38 MP: 7/7
  2742 | D:3      | Reached skill level 4 in Invocations
  3522 | D:3      | Found a radiant altar of Vehumet.
  3554 | D:3      | Found a stormy altar of Qazlal.
  3673 | D:4      | Noticed a black bear
  3708 | D:4      | Killed a black bear
  3709 | D:4      | Gained mutation: You regenerate magic rapidly. [demonic
                  | ancestry]
  3709 | D:4      | Reached XP level 6. HP: 35/46 MP: 9/9
  4281 | D:4      | HP: 4/46 [scorpion (6)]
  4282 | D:4      | HP: 1/46 [poisoned by a scorpion]
  4283 | D:4      | Reached skill level 5 in Invocations
  4283 | D:4      | Succumbed to a scorpion's poison

Illustrated notes

Levels and vault maps discovered:
D:1:      eino_arrival_druids_welcome, layout_loops_cross
D:2:      cheibrodos_fertilizer, layout_basic, hellmonk_ecumenical_altar_blasted
D:3:      layout_basic, nicolae_qazlal_eye_of_the_storm, lemuel_round_altar
D:4:      minmay_thinvault, layout_gridville, ebering_ghost_reflecting_pool

Skill      XL: |  1  2  3  4  5  6 |
---------------+-------------------+-----
Invocations    | 2 3 4 5 |  5.0
Unarmed Combat | 1 2 3 |  3.1
Fighting       | 2 |  2.8
Dodging        | 1 |  1.9
Armour         | 1 |  1.7
Short Blades   | |  1.0
Long Blades    | |  2.9
Stealth        | |  2.6
Spellcasting   | |  1.0

Action                   |  1- 3 |  4- 6 || total
-------------------------+-------+-------++-------
Melee: Falchion          |    90 |    81 ||   171
       Dagger            |       |    59 ||    59
       Punch             |       |     2 ||     2
Throw: Javelin           |       |     2 ||     2
       Throwing net      |       |     2 ||     2
Invok: Stomp             |     1 |     1 ||     2
 Stab: Sleeping          |     7 |       ||     7
       Held in net/web   |       |     1 ||     1
       Paralysed         |       |     1 ||     1
Armor: Robe              |    24 |       ||    24
       Chain mail        |    16 |    91 ||   107
Dodge: Dodged            |    53 |    42 ||    95
